 Dungeon Crawl Stone Soup version 0.28-a0-533-g9f97627 (webtiles) character file.

Game seed: 618380452254332812

456 Sixotanaka the Frost Mage (level 7, -1/66 (69) HPs)
             Began as a Merfolk Ice Elementalist on Sept 25, 2021.
             Slain by a wight (6 damage)
             ... on level 4 of the Dungeon.
             The game lasted 00:08:28 (5075 turns).

Sixotanaka the Frost Mage (MfIE)                    Turns: 5075, Time: 00:08:29

HP:   -1/66 (69)    AC: 32    Str:  8    XL:     7   Next: 6%
MP:   6/10          EV:  2    Int: 17    God:
Gold: 245           SH:  0    Dex: 14    Spells: 2/10 levels left

rFire   x . .      SeeInvis .   j - +0 spear
rCold   + . .      Faith    .   (no shield)
rNeg    + + +      Spirit   .   (armour currently unavailable)
rPois   +          Reflect  .   (helmet currently unavailable)
rElec   .          Harm     .   (cloak currently unavailable)
rCorr   .          Rampage  .   (gloves currently unavailable)
Will    .....      NoTele   +   (boots currently unavailable)
Stlth   ++........              (no amulet)
HPRegen 0.21/turn               h - ring of ice
MPRegen 0.12/turn               (no ring)

@: ice-armoured, tree-form, lightly drained
A: stationary, stasis, torment immunity, boosted hp, (nimble swimmer 2),
(mertail)
a: no special abilities


You were on level 4 of the Dungeon.
You were a tree.
You visited 1 branch of the dungeon, and saw 4 of its levels.

You collected 245 gold pieces.

Inventory:

Hand Weapons
 j - a +0 spear (weapon)
Armour
 a - a +0 robe (melded)
 p - a scarf of resistance (melded)
Jewellery
 h - a ring of ice (left branch)
Scrolls
 c - 3 scrolls of teleportation
 f - a scroll of immolation {unknown}
 k - 3 scrolls of noise {unknown}
 l - a scroll of enchant weapon {unknown}
 n - a scroll of summoning {unknown}
 o - a scroll of blinking {unknown}
Potions
 b - 2 potions of invisibility
 d - a potion of flight
 e - a potion of brilliance {unknown}
 g - 4 potions of cancellation
 m - 2 potions of curing {unknown}


   Skills:
 - Level 2.6 Dodging
 - Level 2.1 Stealth
 - Level 2.0 Spellcasting
 + Level 9.0 Ice Magic


You had 2 spell levels left.
You knew the following spells:

 Your Spells              Type           Power      Damage    Failure   Level
a - Freeze                Ice            100%       1d11      1%          1
b - Frozen Ramparts       Ice            96%        1d11      1%          3
c - Ozocubu's Armour      Ice            48%        N/A       1%          3
z - Magic Dart            Conj           4%         1d3       19%         1

Your spell library contained the following spells:

 Spells                   Type           Power      Damage    Failure   Level
 Blink                    Tloc           N/A        N/A       28%         2
 Searing Ray              Conj           2%         2d4       28%         2
 Hailstorm                Conj/Ice       25%        3d7       30%         4
 Gell's Gravitas          Tloc           0%         N/A       50%         3
 Lesser Beckoning         Tloc           1%         N/A       50%         3
 Stone Arrow              Conj/Erth      2%         3d7       50%         3
 Teleport Other           Tloc           1%         N/A       50%         3
 Animate Armour           Summ/Erth      2%         N/A       88%         4
 Fulminant Prism          Conj/Hex       0%         3d6       88%         4
 Manifold Assault         Tloc           1%         N/A       99%         5
 Dispersal                Tloc           0%         N/A       100%        6
 Lehudib's Crystal Spear  Conj/Erth      0%         10d2      100%        8


Dungeon Overview and Level Annotations

Branches:
Dungeon (4/15)
 Temple: D:4-7

Altars:
Fedhas
Kikubaaqudgha
Qazlal


Innate Abilities, Weirdness & Mutations

You are a tree.
Your roots penetrate the ground, keeping you stationary.
You cannot be teleported.
You are immune to unholy pain and torment.
Your maximum health is greatly increased.
Your equipment is partially melded.
((You are quick and stealthy near water. (Stealth+, EV+, Speed+++)))
((Your lower body shifts to a powerful aquatic tail in water.))


Message History

The wall freezes the wight but does no damage.
The wight hits you but does no damage.
You hit the wight but do no damage.
The wight is moderately damaged.
The wight completely resists.
The wall freezes the wight but does no damage.
The wight hits you with a +4 flail of freezing!
You closely miss the wight.
The wight is moderately damaged.
The wight resists.
The wall freezes the wight.
The wight hits you with a +4 flail of freezing.
* * * LOW HITPOINT WARNING * * *
You hit the wight but do no damage.
The wight is moderately damaged.
The wight resists.
The wall freezes the wight.
The wight hits you with a +4 flail of freezing!
* * * LOW HITPOINT WARNING * * *
The wight freezes you.
* * * LOW HITPOINT WARNING * * *
You barely miss the wight.
The wight is moderately damaged.
The frozen ramparts melt away.
The wight hits you but does no damage.
You hit the wight but do no damage.
The wight is moderately damaged.
The wight hits you but does no damage.
You closely miss the wight.
The wight is moderately damaged.
The wight hits you but does no damage.
You hit the wight but do no damage.
The wight is moderately damaged.
The wight hits you but does no damage.
You closely miss the wight.
The wight is moderately damaged.
The wight hits you with a +4 flail of freezing.
* * * LOW HITPOINT WARNING * * *
The wight hits you but does no damage.
You hit the wight but do no damage.
The wight is moderately damaged.
The wight hits you with a +4 flail of freezing.
You die...

....#......#.....z#.#
#.#.#..##.##.#.####z#
#.#.....#..#........#
#.......##.#.###...##
#..<....##.)...#.#.#
..)<....########.# z.
..#)##..### #.# ##
#..)......# #z#
#....#..#.######♣#
#..#.#..#........#
#..#.#..#..#######
####.#..#..##.#
PP.#....#.....#
P_P#...##.###.#
.P.#......# #
.P###..#### .P###..#


You could see a wight.

Vanquished Creatures
  2 ogres (D:4)
  A hound (D:4)
  10 gnolls (D:3)
  6 adders
  A worm (D:3)
  3 dart slugs
  6 ball pythons
  6 endoplasms
  2 giant cockroaches
  2 goblins (D:1)
  5 hobgoblins
  4 quokkas
  A bat (D:3)
  4 frilled lizards
  57 kobolds
  5 rats
115 creatures vanquished.

Notes
Turn   | Place    | Note
-------+----------+-------------------------------------------
     0 | D:1      | Sixotanaka the Merfolk Ice Elementalist began the quest for
                  | the Orb.
     0 | D:1      | Reached XP level 1. HP: 13/13 MP: 3/3
   560 | D:1      | You fall into a shaft and drop 1 floor!
   594 | D:1      | Learned a level 1 spell: Magic Dart
   665 | D:1      | Reached XP level 2. HP: 19/19 MP: 1/5
   758 | D:1      | Reached skill level 5 in Ice Magic
  1493 | D:2      | Found a stormy altar of Qazlal.
  1690 | D:2      | Reached XP level 3. HP: 23/24 MP: 3/6
  2516 | D:3      | Reached skill level 6 in Ice Magic
  2521 | D:3      | Reached XP level 4. HP: 29/30 MP: 2/7
  2589 | D:3      | Learned a level 3 spell: Frozen Ramparts
  2685 | D:3      | Found a faded altar of an unknown god.
  3399 | D:3      | Reached XP level 5. HP: 31/35 MP: 3/8
  3412 | D:3      | Reached skill level 7 in Ice Magic
  4036 | D:3      | Learned a level 3 spell: Ozocubu's Armour
  4176 | D:3      | Reached XP level 6. HP: 41/41 MP: 2/9
  4391 | D:3      | Reached skill level 8 in Ice Magic
  4784 | D:4      | Reached skill level 9 in Ice Magic
  4784 | D:4      | Reached XP level 7. HP: 15/46 MP: 1/10
  5016 | D:4      | Found an ancient bone altar of Kikubaaqudgha.
  5020 | D:4      | Found a blossoming altar of Fedhas.
  5075 | D:4      | Slain by a wight

Illustrated notes

Levels and vault maps discovered:
D:1:      lightli_arrival_statue_moat, layout_basic
D:2:      layout_basic, basic_altar
D:3:      minmay_goblin_kobold_castle, layout_loops_ring,
          chequers_ecumenical_altar_simple, minmay_quantized
D:4:      layout_basic, grunt_temple_overflow_growth_and_decay,
          lemuel_crystal_altar, ebering_ghost_disaster_area

Skill      XL: |  1  2  3  4  5  6 |
---------------+-------------------+-----
Ice Magic      | 5 6 7 9 |  9.0
Dodging        | |  2.6
Stealth        | |  2.1
Spellcasting   | |  2.0

Action                   |  1- 3 |  4- 6 |  7- 9 || total
-------------------------+-------+-------+-------++-------
Melee: Mace              |    12 |       |       ||    12
       Spear             |    13 |   101 |    15 ||   129
 Cast: Freeze            |    42 |    25 |       ||    67
       Frozen Ramparts   |       |    19 |     1 ||    20
       Magic Dart        |       |     2 |       ||     2
       Ozocubu's Armour  |       |     4 |     1 ||     5
  Use: Scroll            |     5 |       |       ||     5
       Potion            |       |       |     1 ||     1
 Stab: Sleeping          |     8 |     8 |       ||    16
Armor: Robe              |     9 |    11 |     1 ||    21
       Skin              |       |       |     6 ||     6
Dodge: Dodged            |    30 |    56 |     2 ||    88

Table legend: (Time is in decaauts)
 A = Elapsed time spent in this place.
 B = Non-inter-level travel time spent in this place.
 C = Inter-level travel time spent in this place.
 D = Time resting spent in this place.
 E = Time spent auto-exploring this place.
 F = Levels seen in this place.
 G = Mean time per level.
                   A        B        C        D        E       F      G
               +--------+--------+--------+--------+--------+-----+--------+
         Total |   5043 |   4956 |     87 |   1241 |   2816 |   4 | 1260.8 |
       Dungeon |   5043 |   4956 |     87 |   1241 |   2816 |   4 | 1260.8 |
               +--------+--------+--------+--------+--------+-----+--------+

Top non-repeatable levels by time:
     D:3: 2473 daAuts
     D:1: 1263 daAuts
     D:2: 939 daAuts
     D:4: 365 daAuts
